 Dungeon Crawl Stone Soup version 0.31-a0-187-gba352fbbf7 (webtiles) character file.

Game seed: 7383213482714563181

498 TittyCrusher the Grasshopper (level 6, 0/26 HPs)
             Began as a Felid Fire Elementalist on June 22, 2023.
             Slain by a wyvern (14 damage)
             ... on level 8 of the Dungeon.
             The game lasted 00:27:02 (8706 turns).

TittyCrusher the Grasshopper (FeFE)                 Turns: 8706, Time: 00:27:02

Health: 0/26       AC:  6    Str:  4    XL:     6   Next: 94%
Magic:  6/12       EV: 19    Int: 19    God:
Gold:   334        SH:  0    Dex: 16    Spells: 0/12 levels left
                                        Lives:  0   Deaths: 2

rFire   . . .        (weapon unavailable)
rCold   . . .        (shield unavailable)
rNeg    . . .        (body armour unavailable)
rPois   .            (helmet unavailable)
rElec   .            (cloak unavailable)
rCorr   .            (gloves unavailable)
SInv    +            (boots unavailable)
Will    .....        (no amulet)
Stlth   ++           w - +4 ring of protection
HPRegen 0.24/turn    (no ring)
MPRegen 0.13/turn

%: no passive effects
@: quick
A: very small, claws 1, fangs 3, see invisible, speed 1, shaggy fur 2, stealthy
paws, no weapons or thrown items, no armour, multi-lived
a: no special abilities


You were on level 8 of the Dungeon.
You visited 2 branches of the dungeon, and saw 9 of its levels.
You also visited: Bailey.

You collected 430 gold pieces.
You spent 96 gold pieces at shops.

Inventory:

Jewellery
 w - a +4 ring of protection (left paw)
 x - a ring of ice
Wands
 m - a wand of polymorph (9)
 r - a wand of charming (10)
 t - a wand of flame (8)
Scrolls
 c - a scroll of noise
 e - 2 scrolls of teleportation
 f - 2 scrolls of poison
 h - a scroll of blinking
 j - a scroll of torment
 k - 2 scrolls of amnesia
 p - a scroll of immolation
 q - a scroll of fear
 s - a scroll of enchant weapon {unknown}
Potions
 a - 3 potions of magic
 b - 12 potions of curing
 d - 2 potions of resistance
 g - a potion of attraction
 i - 7 potions of haste
 l - 3 potions of brilliance
 n - a potion of invisibility {unknown}
 o - 2 potions of ambrosia
 u - 3 potions of heal wounds
 v - 3 potions of cancellation {unknown}


   Skills:
 - Level 1.8 Fighting
 + Level 4.6 Dodging
 - Level 2.6 Stealth
 - Level 3.5 Spellcasting
 - Level 4.8 Conjurations
 - Level 4.1 Hexes
 - Level 6.1 Translocations
 - Level 6.0 Fire Magic
 - Level 2.0 Air Magic
 - Level 1.9 Poison Magic


You couldn't memorise any spells.
You knew the following spells:

 Your Spells              Type           Power      Damage    Failure   Level
a - Foxfire               Conj/Fire      92%        2x1d8     1%          1
b - Scorch                Fire           52%        2d7       1%          2
c - Inner Flame           Hex/Fire       22%        N/A       5%          3
d - Volatile Blastmotes   Fire/Tloc      52%        2d14      3%          3
e - Mephitic Cloud        Conj/Pois/Air  14%        N/A       13%         3

Your spell library contained the following spells:

 Spells                   Type           Power      Damage    Failure   Level
 Gell's Gravitas          Tloc           26%        N/A       3%          3
 Static Discharge         Conj/Air       32%        2-4/arc   5%          2
 Ensorcelled Hibernation  Hex/Ice        22%        N/A       10%         2
 Beastly Appendage        Tmut           6%         N/A       14%         1
 Summon Small Mammal      Summ           12%        N/A       14%         1
 Flame Wave               Conj/Fire      23%        2d8       16%         4
 Summon Guardian Golem    Hex/Summ       11%        N/A       19%         3
 Passwall                 Tmut/Erth      2%         N/A       22%         2
 Wereblood                Tmut           3%         N/A       22%         2
 Spider Form              Tmut/Pois      7%         N/A       28%         3
 Call Canine Familiar     Summ           3%         N/A       41%         3
 Anguish                  Hex/Necr       5%         N/A       52%         4
 Irradiate                Conj/Tmut      6%         3d13      83%         5
 Alistair's Intoxication  Tmut/Pois      4%         N/A       95%         5
 Blade Hands              Tmut           1%         N/A       99%         5
 Statue Form              Tmut/Erth      2%         N/A       100%        6
 Dragon Form              Tmut           1%         N/A       100%        7
 Chain Lightning          Conj/Air       8%         3d10      100%        9


Dungeon Overview and Level Annotations

Branches:
Dungeon (8/15)             Temple (1/1) D:7          Bailey (visited)
   Lair: D:8-11

Altars:
Ashenzari
Cheibriados
Dithmenos
Elyvilon
Fedhas
Gozag
Kikubaaqudgha
Makhleb
Nemelex Xobeh
Okawaru
Qazlal
Ru
Sif Muna
Wu Jian
Xom

Shops:
D:1 (   D:4 :   D:7 ?

Annotations:
D:3 exclusion: 2 downstairs
D:4 exclusion: downstairs
D:6 exclusion: door


Innate Abilities, Weirdness & Mutations

You have sharp claws.
You have razor-sharp teeth.
You have supernaturally acute eyesight. (SInv)
You cover ground quickly. (Speed+)
You are covered in thick fur. (AC +2)
Your paws help you pounce on unaware monsters.
You are incapable of wielding weapons or throwing items.
You cannot wear armour.
You gain extra lives every three experience levels.


Message History

Casting: Foxfire (safe; 1% risk of failure)
Confirm with . or Enter, or press ? or * to list all spells.
The spell is quite dangerous to miscast (3% risk of failure)!
Continue anyway?
Okay, then.
Casting: Volatile Blastmotes (quite dangerous; 3% risk of failure)
Confirm with . or Enter, or press ? or * to list all spells.
The spell is quite dangerous to miscast (3% risk of failure)!
Continue anyway?
A cloud of volatile blastmotes flares up around you!
Unknown command.
Unknown command.
Casting: Volatile Blastmotes (quite dangerous; 3% risk of failure)
Confirm with . or Enter, or press ? or * to list all spells.
Flames lash the wyvern.
The wyvern is moderately wounded.
The wyvern's fire resistance burns away.
The cloud of blastmotes explodes!
The concussive blast engulfs the wyvern!!
The wyvern is burned terribly!
The wyvern is almost dead.
You hear a shout!
Unknown command.
Casting: Scorch (safe; 1% risk of failure)
Confirm with . or Enter, or press ? or * to list all spells.
You conjure some foxfire!
You hear a shout!
You hear a bellow!
The wyvern closely misses you.
The foxfire hits the wyvern but does no damage.
The wyvern is almost dead.
The foxfire hits the wyvern but does no damage.
The wyvern is almost dead.
The wyvern bites you!
Unknown command.
Unknown command.
Casting: Foxfire (safe; 1% risk of failure)
Confirm with . or Enter, or press ? or * to list all spells.
You conjure some foxfire!
The wyvern is no longer more vulnerable to fire.
The wyvern bites you!
Ouch! That really hurt!
You die...

##### ####...####
#.###......v.ยง###...
#..........l@.....#
######...#.v#####.#
######.# #.# #.. ###.
.. #


You could see a wyvern (ally target).

Vanquished Creatures
  An orc warrior (D:7)
  A black bear (D:4)
  An ice beast (D:4)
  A sky beast (D:7)
  A centaur (D:8)
  A kobold brigand (D:8)
  A bullfrog (D:7)
  A gnoll sergeant (D:7)
  A scorpion (D:6)
  A howler monkey (D:7)
  A jelly (D:5)
  3 orc priests
  A gnoll bouda (D:5)
  A sleepcap (D:5)
  Jessica (D:3)
  4 iguanas
  8 orc wizards
  26 gnolls
  8 adders
  2 shadow imps
  An ufetubus (D:7)
  2 worms (D:2)
  3 dart slugs
  40 orcs
  3 ball pythons
  6 endoplasms
  A giant cockroach (D:1)
  16 goblins
  11 hobgoblins
  3 jackals (D:1)
  11 kobolds
  7 quokkas
  A bat (D:2)
  6 frilled lizards
  2 rats
178 creatures vanquished.

Vanquished Creatures (others)
  A gnoll bouda (D:7)
  562 foxfires
563 creatures vanquished.

Grand Total: 741 creatures vanquished

Notes
Turn   | Place    | Note
-------+----------+-------------------------------------------
     0 | D:1      | TittyCrusher the Felid Fire Elementalist began the quest
                  | for the Orb.
     0 | D:1      | Reached XP level 1. HP: 7/7 MP: 4/4
   113 | D:1      | Reached XP level 2. HP: 11/11 MP: 0/6
   264 | D:1      | Found Ciewiur's Antique Weapon Emporium.
   823 | D:2      | Learned a level 2 spell: Scorch
   882 | D:2      | Reached XP level 3. HP: 14/14 MP: 3/8
  1010 | D:2      | Found an ancient bone altar of Kikubaaqudgha.
  1102 | D:2      | Reached skill level 1 in Conjurations
  1557 | D:2      | Got the Codex of Geometric Breath
  1775 | D:3      | Noticed Jessica
  1782 | D:3      | Killed Jessica
  1783 | D:3      | Reached XP level 4. HP: 18/18 MP: 3/10
  1967 | D:3      | Found an ornate altar of the Wu Jian Council.
  2106 | D:3      | Learned a level 3 spell: Inner Flame
  2110 | D:3      | Learned a level 3 spell: Volatile Blastmotes
  2160 | D:3      | Reached skill level 1 in Translocations
  2331 | D:3      | Reached XP level 5. HP: 14/21 MP: 4/11
  2912 | D:4      | Found Ehietouck's Vocational Training.
  2940 | D:4      | Noticed an ice beast
  3007 | D:4      | Killed an ice beast
  3105 | D:4      | Gained mutation: You are covered in thick fur. (AC +2)
                  | [Felid growth]
  3105 | D:4      | Reached XP level 6. HP: 22/24 MP: 4/12
  3290 | D:4      | Got the Vellum of Reshaped Malediction
  3623 | D:4      | Reached skill level 5 in Translocations
  3879 | D:5      | Entered Level 5 of the Dungeon
  4180 | D:5      | Reached XP level 7. HP: 17/27 MP: 6/13
  5419 | D:6      | Found a broken altar of Ashenzari.
  5519 | D:6      | Upgraded the game from 0.31-a0-182-gc5ef74bbde to
                  | 0.31-a0-187-gba352fbbf7
  5553 | D:6      | Found a burning altar of Makhleb.
  5553 | D:6      | Found a shimmering altar of Xom.
  5595 | D:6      | Reached skill level 5 in Fire Magic
  5837 | D:6      | You fall into a shaft and drop 1 floor!
  5906 | D:7      | Found a staircase to the Ecumenical Temple.
  5915 | Temple   | Entered the Ecumenical Temple
  5997 | D:7      | Reached XP level 8. HP: 31/31 MP: 9/14
  6003 | D:7      | Found Aruemax's Magic Scroll Emporium.
  6017 | D:7      | Bought a scroll of identify for 24 gold pieces
  6017 | D:7      | Bought a scroll of identify for 24 gold pieces
  6017 | D:7      | Bought a scroll of identify for 24 gold pieces
  6017 | D:7      | Bought a scroll of identify for 24 gold pieces
  6161 | D:7      | Found a flagged portal.
  6197 | Bailey   | Entered a bailey
  6380 | Bailey   | Learned a level 3 spell: Mephitic Cloud
  6631 | Bailey   | Reached skill level 1 in Fighting
  6910 | Bailey   | Noticed an orc knight
  6991 | Bailey   | Reached skill level 1 in Hexes
  8129 | D:7      | Reached skill level 1 in Air Magic
  8129 | D:7      | Reached skill level 1 in Poison Magic
  8386 | D:7      | Found the +7 staff of the Meek {protect, meekguard}
  8517 | D:8      | Mangled by a wyvern
  8518 | D:8      | Reached XP level 7. HP: -6/29 MP: 9/13
  8695 | D:8      | Killed from afar by an orc priest
  8696 | D:8      | Reached XP level 6. HP: 0/26 MP: 10/12
  8706 | D:8      | Slain by a wyvern

Illustrated notes

Levels and vault maps discovered:
D:1:      zaba_arrival_water, layout_rooms, serial_shops, shop,
          amcnicky_mini_corridor_feature
D:2:      cheibrodos_helix_gallery, layout_rooms, serial_bayou,
          serial_bayou_pond_a, serial_bayou_lagoon_a, serial_bayou_shore_b,
          serial_bayou_shore_b, basic_altar
D:3:      layout_rooms, nicolae_wu_jian_immortal_techniques,
          grunt_ministairs_15, uniq_jessica
D:4:      cheibrodos_greedy_goblins, layout_loops_ring, st_stairs_9,
          nicolae_shop_vocational
D:5:      layout_gridville, minmay_misc_feat_square,
          minmay_a_box_with_orc_wizards_in_it
D:6:      layout_basic, grunt_temple_overflow_champion_of_chaos,
          amcnicky_altar_gilded
D:7:      layout_basic, lemuel_temple_firewalk_b, serial_shops,
          nicolae_shop_tiny_statue_garden, enter_bailey_4,
          pf_guarded_unrand_meek
D:8:      layout_basic, mainiacjoe_overflow_catwalk, grunt_temple_overflow_open,
          serial_demonic, serial_demonic_b, serial_demonic_f, serial_demonic_g,
          serial_demonic_a, serial_demonic_g, serial_demonic_e,
          grunt_ministairs_6, minmay_pinched_square
Temple:   hellmonk_temple_rainy

Skill      XL: |  1  2  3  4  5  6  7  8 |
---------------+-------------------------+-----
Spellcasting   | 3 |  3.5
Conjurations   | 2 3 4 |  4.8
Translocations | 1 3 5 6 |  6.1
Fire Magic     | 5 6 |  6.0
Fighting       | 1 |  1.8
Hexes          | 4 |  4.1
Air Magic      | 2 |  2.0
Poison Magic   | 1 |  1.9
Dodging        | 4 |  4.6
Stealth        | |  2.6

Action                     |  1- 3 |  4- 6 |  7- 9 || total
---------------------------+-------+-------+-------++-------
  Melee: Unarmed           |     1 |       |     1 ||     2
   Cast: Foxfire           |    72 |   105 |   154 ||   331
         Scorch            |       |     7 |    23 ||    30
         Volatile Blastmot |       |     6 |    30 ||    36
         Inner Flame       |       |       |     1 ||     1
    Use: Scroll            |     7 |     1 |    10 ||    18
         Potion            |       |       |     1 ||     1
 Armour: Skin              |     1 |     2 |     3 ||     6
  Dodge: Dodged            |    17 |    40 |    50 ||   107

Table legend: (Time is in decaauts)
 A = Elapsed time spent in this place.
 B = Non-inter-level travel time spent in this place.
 C = Inter-level travel time spent in this place.
 D = Time resting spent in this place.
 E = Time spent auto-exploring this place.
 F = Levels seen in this place.
 G = Mean time per level.
                   A        B        C        D        E       F      G
               +--------+--------+--------+--------+--------+-----+--------+
         Total |   7743 |   7424 |    319 |   1217 |   4131 |  10 |  774.3 |
       Dungeon |   6849 |   6530 |    319 |    764 |   4131 |   8 |  856.1 |
        Temple |     22 |     22 |      0 |      0 |      0 |   1 |   22.0 |
        Bailey |    872 |    872 |      0 |    453 |      0 |   1 |  872.0 |
               +--------+--------+--------+--------+--------+-----+--------+

Top non-repeatable levels by time:
     D:7: 1188 daAuts
     D:4: 1184 daAuts
     D:5: 1145 daAuts
  Bailey: 872 daAuts
     D:2: 835 daAuts
     D:3: 803 daAuts
     D:6: 764 daAuts
     D:1: 737 daAuts
     D:8: 191 daAuts
  Temple: 22 daAuts
